 Dungeon Crawl Stone Soup version 0.26.0-10-g1f06aea511 (webtiles) character file.

Game seed: 2271075149653521375

97 xSliceyx the Shield-Bearer (level 5, -1/42 HPs)
             Began as a Formicid Fighter on Jan 13, 2021.
             Slain by a river rat (4 damage)
             ... on level 3 of the Dungeon.
             The game lasted 00:03:13 (1706 turns).

xSliceyx the Shield-Bearer (Formicid Fighter)       Turns: 1706, Time: 00:03:14

Health: -1/42      AC:  8    Str: 21    XL:     5   Next: 0%
Magic:  5/5        EV:  8    Int:  8    God:
Gold:   103        SH:  9    Dex: 10    Spells: 4/4 levels left

rFire    . . .     SeeInvis +   a - +0 long sword
rCold    . . .     Faith    .   c - +0 kite shield
rNeg     . . .     Spirit   .   b - +0 scale mail
rPois    .         Reflect  .   (helmet unavailable)
rElec    .         Harm     .   (no cloak)
rCorr    .         Rampage  .   m - +0 pair of gloves
Will     .....                  (no boots)
Stlth    ..........             (no amulet)
HPRegen  0.14/turn              (no ring)
MPRegen  0.09/turn              (no ring)

@: very slow
A: permanent stasis, dig shafts and tunnels, four strong arms, antennae 3
a: Dig, Shaft Self


You were on level 3 of the Dungeon.
You visited 1 branch of the dungeon, and saw 3 of its levels.

You collected 103 gold pieces.

Inventory:

Hand Weapons
 a - a +0 long sword (weapon)
Missiles
 i - 11 poisoned darts (quivered)
Armour
 b - a +0 scale mail (worn)
 c - a +0 kite shield (worn)
 m - a +0 pair of gloves (worn)
Wands
 r - a wand of acid (9)
Scrolls
 f - a scroll of enchant armour {unknown}
 g - a scroll of blinking {unknown}
 k - a scroll of identify {unknown}
 p - 3 scrolls of remove curse
 q - 2 scrolls of immolation
 t - 2 scrolls of fear
Potions
 d - 3 potions of might
 e - 2 potions of mutation {unknown}
 h - a potion of flight {unknown}
 j - a potion of curing {unknown}
 l - a potion of haste {unknown}
 n - a potion of magic {unknown}
 s - a potion of invisibility {unknown}


   Skills:
 + Level 4.3 Fighting
 - Level 2.0 Long Blades
 + Level 4.3 Armour
 + Level 4.6 Shields


You had 4 spell levels left.
You didn't know any spells.
Your spell library was empty.

Dungeon Overview and Level Annotations

Branches:
Dungeon (3/15)

Altars:


Innate Abilities, Weirdness & Mutations

You cannot be hasted, slowed, berserked, paralysed or teleported.
You can dig through walls and to a lower floor.
Your four strong arms can wield two-handed weapons with a shield.
You have a pair of large antennae on your head. (SInv)


Message History

You start resting.
You feel sick. x6
You hear the rusting of a drain nearby.
You start resting.
You feel sick. x2
You are no longer poisoned.
You start resting.
You hear the rusting of a drain nearby.
A river rat comes into view.
You closely miss the river rat.
A river rat comes into view.
Your unstable footing causes you to fumble your attack.
The river rat barely misses you. You block the river rat's attack.
You closely miss the river rat. The river rat bites you.
* * * LOW HITPOINT WARNING * * *
You closely miss the river rat. You block the river rat's attack.
You barely miss the river rat. The river rat bites you.
* * * LOW HITPOINT WARNING * * *
The river rat bites you.
You die...

********,,,,,,,,......#.....,**,
*,,,,,,*********#≈≈...+.....,**,
*,*******≈{≈≈{≈≈#≈≈≈..#.....,**,
*,* **≈****###≈#.........,**,
*,* ***≈≈≈≈≈{≈≈#≈≈≈.......,,**,
*,* *,***#####≈#≈#≈.$.....,,+,,
*,****,*≈*#≈≈≈≈r#≈†≈≈.#,,,,,,***
*,*,,,,*≈≈≈≈*≈#r#≈#≈..+,,,,,,+,,
*,*,,,,******{#@#≈#≈..#,,,,,,**,
*,*,,,,*∩≈≈{≈≈#≈≈≈#...#,,,,,,**,
*,,,,,,*******#####...#,,{,,,**,
******,,,,,,,*****#...##########
*,>,,,,,,,,,,+...'.........
*,,,,,,,*****#...##########
*,,,,,,,* #....,{,,,,,,*
*,,,,,,,* #....#**,,,*,*
*,,,,,,,* #....# *,,,*,*


You could see 2 river rats.

Vanquished Creatures
  5 adders
  A river rat (D:3)
  A worm (D:2)
  A dart slug (D:1)
  A leopard gecko (D:2)
  A ball python (D:2)
  3 bats
  3 giant cockroaches
  5 goblins
  6 hobgoblins
  3 kobolds
  2 frilled lizards (D:1)
  6 rats
38 creatures vanquished.

Notes
Turn   | Place    | Note
-------+----------+-------------------------------------------
     0 | D:1      | xSliceyx the Formicid Fighter began the quest for the Orb.
     0 | D:1      | Reached XP level 1. HP: 18/18 MP: 1/1
   249 | D:1      | Reached XP level 2. HP: 24/24 MP: 2/2
   785 | D:2      | Reached XP level 3. HP: 20/30 MP: 3/3
  1034 | D:2      | Reached XP level 4. HP: 33/37 MP: 4/4
  1628 | D:3      | Reached XP level 5. HP: 8/42 MP: 5/5
  1706 | D:3      | Slain by a river rat

Illustrated notes

Levels and vault maps discovered:
D:1:      dpeg_arrival_orchard, layout_loops_ring
D:2:      layout_rooms
D:3:      layout_basic, lightli_sewer_entry_pipes

Skill      XL: |  1  2  3 |
---------------+----------+-----
Shields        | 4 |  4.6
Fighting       | 4 |  4.3
Armour         | 4 |  4.3
Long Blades    | |  2.0

Action                   |  1- 3 |  4- 6 || total
-------------------------+-------+-------++-------
Melee: Long sword        |    95 |    44 ||   139
  Use: Scroll            |       |     4 ||     4
Armor: Scale mail        |    55 |    13 ||    68
Dodge: Dodged            |    41 |    10 ||    51
Block: Kite shield       |    58 |    24 ||    82
       Rpst.: Long sword |    11 |     2 ||    13
